 Dungeon Crawl Stone Soup version 0.28-a0-1143-gcf6077d4cc (webtiles) character file.

Game seed: 1090765274069044007

79 SensoryNuts the Slasher (level 4, -1/34 HPs)
             Began as a Demonspawn Gladiator on Dec 13, 2021.
             Slain by Grinder (7 damage)
             ... on level 3 of the Dungeon.
             The game lasted 00:03:40 (2270 turns).

SensoryNuts the Slasher (Demonspawn Gladiator)      Turns: 2270, Time: 00:03:41

Health: -1/34      AC:  4    Str: 17    XL:     4   Next: 17%
Magic:  4/4        EV: 12    Int:  9    God:
Gold:   143        SH:  0    Dex: 14    Spells: 3/3 levels left

rFire   + . .      SeeInvis .   g - +0 short sword (drain)
rCold   + . .      Faith    .   (no shield)
rNeg    . . .      Spirit   .   b - +0 leather armour
rPois   +          Reflect  .   c - +0 helmet
rElec   +          Harm     .   (no cloak)
rCorr   +          Rampage  .   (no gloves)
Will    .....                   (no boots)
Stlth   +.........              (no amulet)
HPRegen 0.11/turn               (no ring)
MPRegen 0.09/turn               (no ring)

@: about to teleport, resistant, attractive
A: powered by death 2, demonic touch 1
a: no special abilities


You were on level 3 of the Dungeon.
You visited 1 branch of the dungeon, and saw 3 of its levels.

You collected 143 gold pieces.

Inventory:

Hand Weapons
 a - a +0 long sword
 g - a +0 short sword of draining (weapon)
Missiles
 d - 3 throwing nets (quivered)
Armour
 b - a +0 leather armour (worn)
 c - a +0 helmet (worn)
Jewellery
 m - a ring of resist corrosion
Scrolls
 h - 2 scrolls of identify
Potions
 j - a potion of attraction


   Skills:
 + Level 2.3 Fighting
 + Level 1.0(2.2) Short Blades
 + Level 3.2(3.3) Long Blades
 + Level 2.1 Throwing
 + Level 1.2 Armour
 + Level 3.2 Dodging


You had 3 spell levels left.
You didn't know any spells.
Your spell library contained the following spells:

 Spells                   Type           Power      Damage    Failure   Level
 Olgreb's Toxic Radiance  Pois           0%         N/A       99%         4
 Summon Forest            Summ/Tloc      0%         N/A       100%        5
 Summon Mana Viper        Hex/Summ       0%         N/A       100%        5
 Summon Cactus Giant      Summ           0%         N/A       100%        6
 Ozocubu's Refrigeration  Ice            0%         4d5       100%        7
 Ignition                 Fire           0%         3d3       100%        8


Dungeon Overview and Level Annotations

Branches:
Dungeon (3/15)

Altars:

Annotations:
D:3 Grinder


Innate Abilities, Weirdness & Mutations

You regenerate health from kills.
Your touch may inflict minor irresistible damage on your foes.


Message History

Grinder is lightly wounded.
Grinder hits you.
You hit Grinder. Your touch misses Grinder.
Grinder is lightly wounded.
Grinder barely misses you.
You hit Grinder but do no damage.
Grinder is lightly wounded.
Grinder gestures at you. Pain shoots through your body!
You completely miss Grinder.
Grinder is lightly wounded.
Grinder hits you but does no damage.
Unknown command.
Unknown command.
You hit Grinder.
Grinder is moderately wounded.
Grinder hits you.
You writhe in agony.
* * * LOW HITPOINT WARNING * * *
You closely miss Grinder. Your touch misses Grinder.
Grinder is moderately wounded.
Grinder hits you but does no damage.
Unknown command.
As you read the scroll labelled OFYOMP ULLA, it crumbles to dust.
It is a scroll of amnesia.
You feel forgetful for a moment. Grinder gestures at you.
You resist with significant effort.
As you read the scroll labelled PAFYSA FOCVU, it crumbles to dust.
Your body is wracked with pain!
* * * LOW HITPOINT WARNING * * *
It was a scroll of torment.
Grinder hits you but does no damage.
Unknown command.
As you read the scroll labelled IKEALI MOLIHI, it crumbles to dust.
You feel strangely unstable.
It was a scroll of teleportation.
Grinder misses you.
As you read the scroll labelled ZILUW VOASEZO, it crumbles to dust.
It is a scroll of identify.
You don't have any unidentified items.
Grinder hits you!
You die...

###
#.#############
#......@5.....#
#.###########.#
#.# #.# #.# #.#
#.# #.# #.#


You could see Grinder.

Vanquished Creatures
  2 dart slugs (D:1)
  An orc (D:3)
  4 ball pythons
  7 bats
  6 endoplasms
  14 giant cockroaches
  3 goblins
  2 hobgoblins (D:1)
  10 jackals
  3 quokkas
  3 frilled lizards
  3 kobolds (D:1)
  2 rats (D:1)
60 creatures vanquished.

Notes
Turn   | Place    | Note
-------+----------+-------------------------------------------
     0 | D:1      | SensoryNuts the Demonspawn Gladiator began the quest for
                  | the Orb.
     0 | D:1      | Reached XP level 1. HP: 16/16 MP: 1/1
     2 | D:1      | Found a runed translucent door.
   103 | D:1      | Gained mutation: You regenerate a little health from kills.
                  | [demonic ancestry]
   103 | D:1      | Reached XP level 2. HP: 19/22 MP: 2/2
   488 | D:1      | Found a faded altar of an unknown god.
   773 | D:1      | Discovered your monstrous ancestry.
   773 | D:1      | Gained mutation: Your touch may inflict minor irresistible
                  | damage on your foes. [demonic ancestry]
   773 | D:1      | Reached XP level 3. HP: 27/27 MP: 3/3
  1151 | D:1      | Reached skill level 1 in Armour
  1554 | D:2      | Gained mutation: You regenerate health from kills. [demonic
                  | ancestry]
  1554 | D:2      | Reached XP level 4. HP: 33/33 MP: 4/4
  1587 | D:2      | Reached skill level 1 in Short Blades
  2242 | D:3      | Noticed Grinder
  2245 | D:3      | Paralysed by Grinder for 2 turns
  2257 | D:3      | Paralysed by Grinder for 4 turns
  2270 | D:3      | Slain by Grinder

Illustrated notes

Levels and vault maps discovered:
D:1:      dpeg_arrival_caged_fury, layout_loops_corners,
          shapermc_ecumenical_altar_hornbeckon, due_unseen_surprise
D:2:      layout_basic
D:3:      layout_basic, mainiacjoe_overflow_chevrons, uniq_grinder

Skill      XL: |  1  2  3  4 |
---------------+-------------+-----
Throwing       | 2 |  2.1
Dodging        | 3 |  3.2
Long Blades    | 3 |  3.2
Armour         | 1 |  1.2
Short Blades   | 1 |  1.0
Fighting       | |  2.3

Action                   |  1- 3 |  4- 6 || total
-------------------------+-------+-------++-------
Melee: Long sword        |    39 |       ||    39
       Short sword       |    81 |    39 ||   120
       Touch             |    12 |     5 ||    17
  Use: Scroll            |       |     4 ||     4
       Potion            |       |     3 ||     3
 Stab: Sleeping          |     2 |       ||     2
Armor: Leather armour    |    54 |     9 ||    63
Dodge: Dodged            |    92 |    18 ||   110

Table legend: (Time is in decaauts)
 A = Elapsed time spent in this place.
 B = Non-inter-level travel time spent in this place.
 C = Inter-level travel time spent in this place.
 D = Time resting spent in this place.
 E = Time spent auto-exploring this place.
 F = Levels seen in this place.
 G = Mean time per level.
                   A        B        C        D        E       F      G
               +--------+--------+--------+--------+--------+-----+--------+
         Total |   2285 |   2249 |     36 |      0 |   1867 |   3 |  761.7 |
       Dungeon |   2285 |   2249 |     36 |      0 |   1867 |   3 |  761.7 |
               +--------+--------+--------+--------+--------+-----+--------+

Top non-repeatable levels by time:
     D:1: 1188 daAuts
     D:2: 920 daAuts
     D:3: 175 daAuts
